Description

Standard macro opening.

After the opening, the important investments are:

  • 2x Evo chambers
  • 5x Gases
  • Lair
  • Baneling nest
  • 4th, 5th, 6th base
  • More Queens

Build Order

Get SALT Encoding   

  13  0:01  Action Send ovie to opp ramp, queue to high ground  
  13  0:12  Overlord Rally to outside opp main  
  16  0:49  Hatchery Send the drone at 190 minerals  
  18  1:09  Extractor  
  17  1:15  Spawning Pool Rally next 3 drones to gas  
  20  1:51  Overlord Rally to outside opp nat. Pull one drone from gas  
  20  1:59  Queen x2  
  24  2:00  Zergling x4 Deter the reaper on creep  
  28  2:18  Action Send a nat drone to 3rd at 200 minerals  
  30  2:35  Hatchery Use lings to escort drone if needed  
  29  2:36  Pneumatized Carapace At main, inject main, creep natural  
  31  2:48  Queen  
  33  2:53  Overlord  
  36  3:07  Metabolic Boost Inject main, creep natural, nat queen go to 3rd  
  39  3:20  Queen Rally next drone to main gas, inject nat  
  43  3:28  Overlord  
  43  3:30  Action Send 1 ovie into ramp, 1 into main  
  44  3:41  Action Inject main, inject 3rd, spread creep  
Spawning Tool Build Advisor. Get it on Overwolf

Go to:

Details

  • Created by: siowy
  • Published on: Jul 19, 2020
  • Modified on: Aug 14, 2020
  • Patch: 4.11.0
  • Difficulty: Medium
Show
View Real Time Build Order
Export as new Build Order

Comments (0)

There are no comments. Be the first!

Create an account to comment!